 Dungeon Crawl Stone Soup version 0.28-a0-664-gc179e30c89 (webtiles) character file.

Game seed: 822244224718852830

3018 lawman0 the Digger (level 9, -27/76 HPs)
             Began as a Troll Earth Elementalist on Oct 15, 2021.
             Was a Follower of Fedhas.
             Annihilated by a komodo dragon (30 damage)
             ... on level 8 of the Dungeon.
             The game lasted 00:14:16 (6947 turns).

lawman0 the Digger (Troll Earth Elementalist)       Turns: 6947, Time: 00:14:17

Health: -27/76     AC:  4    Str: 18    XL:     9   Next: 55%
Magic:  10/13      EV: 10    Int: 14    God:    Fedhas [*.....]
Gold:   337        SH:  0    Dex: 16    Spells: 2/14 levels left

rFire   . . .      SeeInvis .     - Unarmed
rCold   . . .      Faith    .   (no shield)
rNeg    . . .      Spirit   .   b - +0 robe
rPois   .          Reflect  .   (helmet restricted)
rElec   .          Harm     .   (no cloak)
rCorr   +          Rampage  .   (gloves unavailable)
Will    .....                   (boots unavailable)
Stlth   ++........              (no amulet)
HPRegen 1.22/turn               d - ring of resist corrosion
MPRegen 0.13/turn               t - +6 ring of dexterity

@: no status effects
A: large, unfitting armour, claws 3, regeneration 1, shaggy fur 1, tough skin 1
a: Renounce Religion


You were on level 8 of the Dungeon.
You worshipped Fedhas.
Fedhas was aware of your devotion.
You visited 1 branch of the dungeon, and saw 8 of its levels.

You collected 337 gold pieces.

Inventory:

Missiles
 c - 61 stones
 h - 2 javelins
 i - 20 poisoned darts
 n - 6 boomerangs (quivered)
Armour
 b - a +0 robe (worn)
Jewellery
 d - a ring of resist corrosion (left claw)
 t - a +6 ring of dexterity (right claw)
 w - a ring of protection from cold
 y - a ring of flight
Wands
 j - a wand of iceblast (7)
 q - a wand of digging (10)
 u - a wand of flame (14)
 C - a wand of charming (11)
Scrolls
 a - a scroll of summoning {unknown}
 f - a scroll of blinking {unknown}
 g - 2 scrolls of amnesia {unknown}
 k - 2 scrolls of torment {unknown}
 l - 2 scrolls of fog {unknown}
 r - a scroll of teleportation
 v - 2 scrolls of immolation {unknown}
 z - a scroll of enchant weapon
 B - a scroll of magic mapping {unknown}
Potions
 e - 4 potions of curing
 m - a potion of might
 o - 2 potions of haste
 p - a potion of attraction
 s - a potion of flight
 x - a potion of cancellation {unknown}
 A - a potion of brilliance {unknown}


   Skills:
 + Level 1.2 Fighting
 + Level 1.8 Throwing
 + Level 2.6 Dodging
 + Level 1.2 Stealth
 * Level 5.6 Unarmed Combat
 + Level 3.4 Spellcasting
 * Level 1.2 Necromancy
 * Level 2.0 Translocations
 * Level 3.1 Transmutations
 * Level 7.3 Earth Magic
 * Level 2.3 Poison Magic
 + Level 0.4 Evocations


You had 2 spell levels left.
You knew the following spells:

 Your Spells              Type           Power      Damage    Failure   Level
a - Sandblast             Erth           44%        2d11      1%          1
b - Passwall              Tmut/Erth      14%        N/A       3%          2
c - Olgreb's Toxic Radia  Pois           9%         N/A       58%         4
d - Stone Arrow           Conj/Erth      24%        3d8       14%         3
e - Animate Skeleton      Necr           10%        N/A       12%         1
f - Apportation           Tloc           16%        N/A       9%          1

Your spell library contained the following spells:

 Spells                   Type           Power      Damage    Failure   Level
 Sting                    Tmut/Pois      40%        1d5       7%          1
 Poisonous Vapours        Pois/Air       10%        N/A       19%         2
 Summon Small Mammal      Summ           8%         N/A       21%         1
 Petrify                  Tmut/Erth      17%        N/A       24%         4


Dungeon Overview and Level Annotations

Branches:
Dungeon (8/15)             Temple (0/1) D:6
   Lair: D:8-11

Altars:
Dithmenos
Fedhas
Hepliaklqana
Okawaru
Zin

Shops:
D:2 :   D:5 [

Annotations:
D:4 1 exclusion
D:5 1 runed translucent door, Crazy Yiuf


Innate Abilities, Weirdness & Mutations

You are too large for most types of armour.
You have claws for hands.
Your natural rate of healing is unusually fast.
You are covered in fur. (AC +1)
You have tough skin. (AC +1)


Message History

Casting: Olgreb's Toxic Radiance (quite dangerous; 58% risk of failure)
Confirm with . or Enter, or press ? or * to list all spells.
Aiming: Sandblast (safe; 1% risk of failure)
Press: ? - help, Shift-Dir - straight line, f - komodo dragon
Aim: a komodo dragon (moderately wounded, 86% to hit)
The blast of sand hits the komodo dragon.
The komodo dragon is moderately wounded.
c - 61 stones The komodo dragon bites you.
You claw the komodo dragon!
The komodo dragon is heavily wounded.
The komodo dragon bites you.
You claw the komodo dragon!
The komodo dragon is severely wounded.
The komodo dragon barely misses you.
You barely miss the komodo dragon.
The komodo dragon is severely wounded.
The komodo dragon bites you!
You scratch the komodo dragon but do no damage.
The komodo dragon is severely wounded.
The komodo dragon closely misses you.
You claw the komodo dragon!
The komodo dragon is severely wounded.
The komodo dragon closely misses you.
You scratch the komodo dragon but do no damage.
The komodo dragon is severely wounded.
The komodo dragon bites you!!
You are too injured to fight recklessly!
You barely miss the komodo dragon.
The komodo dragon is severely wounded.
You are too injured to fight recklessly!
You claw the komodo dragon!
The komodo dragon is almost dead.
The komodo dragon bites you!!
* * * LOW HITPOINT WARNING * * *
You scratch the komodo dragon but do no damage.
The komodo dragon is almost dead.
The komodo dragon bites you!!
You die...
Fedhas appreciates your contribution to the ecosystem.

#.#.......#
#.#.......#
#.#.......#
#.#.......#
#.#.......#
#.#.......#
##.#.......#
#[.#l#######
#.##@#
#.##.#
#.##.#
#....#
######


You could see a komodo dragon.

Vanquished Creatures
  Joseph (D:8)
  Grinder (D:4)
  2 water moccasins
  2 orc warriors
  An ice beast (D:8)
  4 sky beasts
  A black bear (D:5)
  A necrophage (D:7)
  2 centaurs (D:7)
  A wyvern zombie (D:8)
  2 scorpions (D:6)
  A gnoll sergeant (D:7)
  2 water moccasin zombies
  4 wights (D:7)
  An electric eel (D:6)
  2 howler monkeys (D:7)
  A bullfrog zombie (D:6)
  2 hounds (D:5)
  An orc priest (D:4)
  2 centaur skeletons
  2 jellies
  2 iguanas
  Natasha (D:3)
  An orc wizard (D:5)
  2 hound skeletons
  A howler monkey zombie (D:6)
  7 adders
  7 gnolls
  A shadow imp (D:5)
  3 white imps
  An ufetubus (D:5)
  2 worms
  3 dart slugs
  12 orcs
  6 bats
  5 endoplasms
  A giant cockroach (D:3)
  10 goblins
  7 hobgoblins
  5 jackals
  5 quokkas
  A ball python (D:2)
  A frilled lizard (D:3)
  2 kobolds
  4 rats (D:2)
126 creatures vanquished.

Notes
Turn   | Place    | Note
-------+----------+-------------------------------------------
     0 | D:1      | lawman0 the Troll Earth Elementalist began the quest for
                  | the Orb.
     0 | D:1      | Reached XP level 1. HP: 16/16 MP: 1/1
   232 | D:1      | Reached XP level 2. HP: 23/24 MP: 0/2
   241 | D:1      | Learned a level 2 spell: Passwall
   262 | D:1      | Reached skill level 1 in Transmutations
   290 | D:1      | Reached skill level 3 in Earth Magic
   525 | D:1      | Reached skill level 1 in Unarmed Combat
   525 | D:1      | Reached XP level 3. HP: 30/31 MP: 0/3
   930 | D:2      | Found Pieffepn's Book Boutique.
   938 | D:2      | Woot
  1421 | D:2      | Reached XP level 4. HP: 22/39 MP: 0/5
  1425 | D:2      | HP: 1/39 [gnoll (8)]
  1500 | D:2      | Found a glowing silver altar of Zin.
  1714 | D:2      | Found a faded altar of an unknown god.
  2021 | D:3      | You fall into a shaft and drop 2 floors!
  2021 | D:5      | Entered Level 5 of the Dungeon
  2038 | D:5      | Reached XP level 5. HP: 12/45 MP: 0/6
  2161 | D:5      | Learned a level 4 spell: Olgreb's Toxic Radiance
  2248 | D:4      | Reached skill level 4 in Earth Magic
  2354 | D:4      | Found a shadowy altar of Dithmenos.
  2390 | D:4      | Noticed Grinder
  2747 | D:4      | Noticed a sky beast
  2766 | D:4      | Killed a sky beast
  2767 | D:4      | Reached XP level 6. HP: 46/53 MP: 1/7
  2967 | D:4      | Paralysed by Grinder for 2 turns
  3014 | D:3      | Found a blossoming altar of Fedhas.
  3042 | D:3      | Became a worshipper of Fedhas Madash
  3217 | D:3      | Noticed Natasha
  3223 | D:3      | Killed Natasha
  3457 | D:4      | Killed Grinder
  3458 | D:4      | Reached skill level 1 in Poison Magic
  3458 | D:4      | Reached XP level 7. HP: 61/61 MP: 8/8
  3496 | D:5      | Learned a level 3 spell: Stone Arrow
  3644 | D:5      | Found Neeff's Armour Boutique.
  3783 | D:5      | Reached skill level 5 in Earth Magic
  4300 | D:5      | Found a runed translucent door.
  4301 | D:5      | Noticed Crazy Yiuf
  4455 | D:6      | Found a hazy altar of Hepliaklqana.
  4461 | D:6      | Reached skill level 1 in Throwing
  4691 | D:6      | Reached XP level 8. HP: 63/68 MP: 10/10
  4860 | D:6      | Reached skill level 1 in Fighting
  5012 | D:6      | Reached skill level 5 in Unarmed Combat
  5014 | D:6      | Reached * piety under Fedhas
  5069 | D:6      | Learned a level 1 spell: Animate Skeleton
  5071 | D:6      | Learned a level 1 spell: Apportation
  5134 | D:6      | Found a staircase to the Ecumenical Temple.
  5238 | D:6      | Reached skill level 6 in Earth Magic
  5829 | D:7      | Reached skill level 1 in Translocations
  5829 | D:7      | Reached XP level 9. HP: 24/76 MP: 12/12
  6028 | D:7      | Found an iron altar of Okawaru.
  6668 | D:8      | Noticed Joseph
  6675 | D:8      | HP: 3/72 [Joseph (18)]
  6692 | D:8      | Killed Joseph
  6693 | D:8      | Reached skill level 1 in Necromancy
  6693 | D:8      | Reached skill level 7 in Earth Magic
  6924 | D:8      | Noticed a komodo dragon
  6946 | D:8      | HP: 2/76 [komodo dragon (24)]
  6947 | D:8      | Annihilated by a komodo dragon

Illustrated notes

..#.#..#
#..................
..#.##.##
#......#...........
.##.##..#
#......#...........
. #.###.#
##.##......########
. #[# #.#
#.##......# . +.#
#.# #.##....... ###
#.## #.###......
#..#######.# #.....
#........#@#
#........#.#
#........#.#
#........#.####
####.#####....#
#..# #....# ##.##
#....#
#..###....###.
##.#..........


Turn 938 on D:2: Woot

Levels and vault maps discovered:
D:1:      psy_arrival_terrarium, layout_basic
D:2:      layout_basic, basic_altar, hellmonk_ecumenical_altar_slurped_away,
          serial_shops, shop
D:3:      layout_rooms, fedhas_altar_2, uniq_natasha
D:4:      layout_basic, kennysheep_mini_moat, uniq_grinder
D:5:      layout_loops_ring, serial_shops, nicolae_shop_crystal, minmay_between,
          uniq_crazy_yiuf_cottage
D:6:      layout_loops_ring, kennysheep_little_box, minmay_temple_entry_mist,
          kennysheep_big_empty_room
D:7:      layout_loops_cross, mainiacjoe_overflow_boulevard
D:8:      layout_basic, nrook_mini_backslash, kennysheep_generic_room_14,
          uniq_joseph

Skill      XL: |  1  2  3  4  5  6  7  8  9 |
---------------+----------------------------+-----
Transmutations | 1 2 3 |  3.1
Earth Magic    | 3 4 5 6 7 |  7.3
Unarmed Combat | 1 2 3 4 5 |  5.6
Dodging        | 2 |  2.6
Poison Magic   | 1 2 |  2.3
Spellcasting   | 2 3 |  3.4
Throwing       | 1 |  1.8
Fighting       | 1 |  1.2
Translocations | 1 2 |  2.0
Necromancy     | 1 |  1.2
Stealth        | |  1.2
Evocations     | |  0.4

Action                   |  1- 3 |  4- 6 |  7- 9 || total
-------------------------+-------+-------+-------++-------
Melee: Unarmed           |    47 |   101 |   145 ||   293
       Punch             |       |     1 |     5 ||     6
Throw: Dart              |     5 |    18 |       ||    23
       Boomerang         |       |       |    27 ||    27
 Cast: Sandblast         |    23 |    35 |    96 ||   154
       Stone Arrow       |       |       |     8 ||     8
       Olgreb's Toxic Ra |       |       |     1 ||     1
Evoke: Wand              |       |       |    13 ||    13
  Use: Scroll            |     1 |     4 |     5 ||    10
       Potion            |       |     3 |     8 ||    11
 Stab: Sleeping          |     2 |       |       ||     2
Armor: Robe              |    24 |    31 |    30 ||    85
Dodge: Dodged            |    36 |    56 |   120 ||   212

Table legend: (Time is in decaauts)
 A = Elapsed time spent in this place.
 B = Non-inter-level travel time spent in this place.
 C = Inter-level travel time spent in this place.
 D = Time resting spent in this place.
 E = Time spent auto-exploring this place.
 F = Levels seen in this place.
 G = Mean time per level.
                   A        B        C        D        E       F      G
               +--------+--------+--------+--------+--------+-----+--------+
         Total |   6959 |   6671 |    288 |    578 |   4892 |   8 |  869.9 |
       Dungeon |   6959 |   6671 |    288 |    578 |   4892 |   8 |  869.9 |
               +--------+--------+--------+--------+--------+-----+--------+

Top non-repeatable levels by time:
     D:6: 1236 daAuts
     D:5: 1058 daAuts
     D:2: 1028 daAuts
     D:7: 1017 daAuts
     D:4: 819 daAuts
     D:1: 759 daAuts
     D:3: 708 daAuts
     D:8: 330 daAuts
